 Dungeon Crawl Stone Soup version 0.16.1-18-g436b03c (webtiles) character file.

226 drasked the Chopper (level 6, -4/55 HPs)
             Began as a Gargoyle Berserker on Apr 28, 2015.
             Was a Priest of Trog.
             Slain by an iguana (5 damage)
             ... on level 4 of the Dungeon.
             The game lasted 00:02:43 (3434 turns).

drasked the Chopper (Gargoyle Berserker)            Turns: 3434, Time: 00:02:43

Health: -4/55      AC: 11    Str: 28    XL:     6   Next: 1%
Magic:  6/6        EV: 11    Int:  7    God:    Trog [***...]
Gold:   0          SH:  0    Dex:  9    Spells: 0 memorised, 5 levels left

rFire  . . .     SeeInvis .     Y - +0 war axe
rCold  . . .     Clarity  .     i - +0 ring mail
rNeg   + . .     SustAb   .     (no shield)
rPois  ∞         Gourm    .     (no helmet)
rElec  +         Spirit   .     n - +1 cloak
rCorr  .         Warding  .     (no gloves)
rMut   .         Stasis   .     (no boots)
MR     .....                    (no amulet)
Stlth  ..........               (no ring)
                                (no ring)

@: berserking, very quick, not resistant to hostile enchantments, extremely
unstealthy
A: negative energy resistance 1, electricity resistance, unbreathing,
petrification resistance, rot immunity, AC +4
a: Burn Spellbooks, Berserk, Trog's Hand, Renounce Religion


You were on level 4 of the Dungeon.
You worshipped Trog.
Trog was most pleased with you.
You were not hungry.

You visited 1 branch of the dungeon, and saw 4 of its levels.


Innate Abilities, Weirdness & Mutations

You are resistant to torment.
You are immune to poison.
Your stone body is very resilient (AC +4).
You resist negative energy.
You are resistant to electric shocks.
You can survive without breathing.
You are immune to petrification.
You are immune to rotting.


   Skills:
 - Level 3.2 Fighting
 + Level 5.9 Axes
 - Level 2.1 Armour
 - Level 1.5 Dodging


You had 5 spell levels left.
You didn't know any spells.

Inventory:

Hand weapons
 Y - a +0 war axe (weapon)
Missiles
 f - 6 tomahawks (quivered)
Armour
 i - a +0 ring mail (worn)
 n - a +1 cloak (worn)
Jewellery
 k - an uncursed amulet of stasis {unknown}
 l - an uncursed ring of protection from magic {unknown}
Scrolls
 a - a scroll of teleportation
Potions
 c - a potion of might {unknown}
 g - a potion of invisibility {unknown}
 h - a potion of agility {unknown}
 j - a potion of curing {unknown}
 o - a potion of lignification {unknown}
Comestibles
 m - 2 bread rations

Dungeon Overview and Level Annotations

Branches:
Dungeon (4/15)
 Temple: D:4-7

Altars:
Dithmenos
Gozag
Kikubaaqudgha
Makhleb
Nemelex Xobeh
Trog
Xom


Message History

You hit the iguana but do no damage.
The iguana is severely wounded.
The iguana barely misses you.
You hit the iguana but do no damage.
The iguana is severely wounded.
The iguana bites you but does no damage.
You barely miss the iguana.
The iguana is severely wounded.
The iguana bites you.
You hit the iguana.
The iguana is almost dead.
The iguana barely misses you.
You closely miss the iguana.
The iguana is almost dead.
The iguana bites you! x2
3434 ||| INVOKING Berserk.
A red film seems to cover your vision as you go berserk!
You feel yourself moving faster!
You feel mighty!
You feel somewhat more hungry. The iguana bites you.
You die...

....'......+ #...+.....##...##
....#...>..# ...#..........##
+#######..##+# ..####..##...'.
######..##.##+###...##..##..### .
#.......#...+...#...#...##..### .
#.......'...#...#...+....+..'..
..+.......#...#KrS+...#....#..#..
..#.#####+##'###l##..<###+##..#..
# ####.##.###@####...#.##.####
#..........'....#...#.##.#
..........#....'...#....+
.(........#....#...+.##.#
####.##+########...#.##.# . #.
#...##.##..... . +...'......... #
#...########## #####


You could see an iguana, an adder, a quokka and a kobold.

Vanquished Creatures
  An orc priest (D:3)
  An iguana (D:4)
  A worker ant (D:3)
  4 gnolls (D:3)
  4 adders
  4 worms
  3 giant geckos
  3 oozes
  3 orcs (D:3)
  8 hobgoblins
  6 kobolds
  A quokka (D:2)
  A ball python (D:3)
  12 bats
  5 giant cockroaches
  A giant newt (D:1)
  4 goblins
  4 jackals (D:4)
  7 rats
73 creatures vanquished.

Notes
Turn   | Place    | Note
--------------------------------------------------------------
     0 | D:1      | drasked, the Gargoyle Berserker, began the quest for the Orb.
     0 | D:1      | Reached XP level 1. HP: 14/14 MP: 1/1
     0 | D:1      | 0 ||| counter = 13
    88 | D:1      | Reached skill level 3 in Axes
    92 | D:1      | Reached XP level 2. HP: 10/19 MP: 2/2
   385 | D:1      | 385 ||| INVOKING Berserk.
   612 | D:1      | Acquired Trog's second power
   900 | D:1      | 900 ||| READING scroll labeled NAOB TWO NE SCHIJ.
   901 | D:1      | 901 ||| READING scroll labeled SMEFI VOROKYWE.
  1056 | D:2      | Reached XP level 3. HP: 21/23 MP: 3/3
  1066 | D:2      | Found an ancient bone altar of Kikubaaqudgha.
  1067 | D:2      | Found a sparkling altar of Nemelex Xobeh.
  1067 | D:2      | Found a shadowy altar of Dithmenos.
  1139 | D:2      | 1139 ||| INVOKING Berserk.
  1146 | D:2      | 1146 ||| EATING bread ration.
  1252 | D:2      | Found an opulent altar of Gozag.
  1325 | D:2      | 1325 ||| INVOKING Berserk.
  1327 | D:2      | Reached skill level 4 in Axes
  1814 | D:2      | Found a burning altar of Makhleb.
  1816 | D:2      | Found a shimmering altar of Xom.
  1930 | D:2      | 1930 ||| UPGRADING to ring mail.
  1940 | D:2      | 1940 ||| DROPPING +0 animal skin.
  1941 | D:2      | 1941 ||| READING 3 scrolls labeled YHOKHL XUOTTACU.
  1942 | D:2      | 1942 ||| READING 2 scrolls labeled CRAANWISSO.
  1943 | D:2      | 1943 ||| READING scroll labeled XIT OXISOGOJI.
  1944 | D:2      | 1944 ||| DRINKING 2 fuming inky potions.
  1964 | D:3      | 1964 ||| STAIRDANCE
  1991 | D:3      | 1991 ||| EATING meat ration.
  1999 | D:3      | Reached XP level 4. HP: 28/28 MP: 4/4
  2026 | D:3      | 2026 ||| INVOKING Berserk.
  2135 | D:3      | 2135 ||| UPGRADING to war axe.
  2136 | D:3      | 2136 ||| DROPPING +1 hand axe.
  2159 | D:3      | 2159 ||| INVOKING Berserk.
  2165 | D:3      | Reached skill level 5 in Axes
  2165 | D:3      | Reached XP level 5. HP: 32/32 MP: 5/5
  2312 | D:3      | Found a bloodstained altar of Trog.
  3093 | D:3      | 3093 ||| UPGRADING to cloak.
  3098 | D:3      | 3098 ||| READING scroll of enchant armour.
  3098 | D:3      | 3098 ||| ENCHANTING +0 cloak.
  3099 | D:3      | 3099 ||| READING scroll labeled EZIHENI STABOQ.
  3100 | D:3      | 3100 ||| READING scroll labeled WETTYNUGGY.
  3228 | D:4      | 3228 ||| EATING royal jelly.
  3393 | D:4      | Reached XP level 6. HP: 37/37 MP: 6/6
  3433 | D:4      | HP: 1/37 [iguana (10)]
  3434 | D:4      | 3434 ||| INVOKING Berserk.
  3434 | D:4      | Slain by an iguana

Vault maps used:
D:1:      minmay_arrival_hallway, serial_forest, infiniplex_forest_lined_3_way,
          infiniplex_forest_lined_corner, infiniplex_forest_zigzag_1,
          infiniplex_forest_lined_2
D:2:      gammafunk_temple_overflow_pools, gammafunk_temple_overflow_forgotten,
          grunt_gozag_breadcrumbs
D:3:      nicolae_overflow_crystal_walls
D:4:      first_bread, uniq_pikel

Action                   |  1- 3 |  4- 6 || total
-------------------------+-------+-------++-------
Melee: Hand axe          |    54 |    13 ||    67
       War axe           |       |    75 ||    75
Throw: Tomahawk          |    64 |    51 ||   115
Invok: Berserk           |     3 |     3 ||     6
  Use: Scroll            |     5 |     3 ||     8
       Potion            |     1 |       ||     1
  Eat: Chunk             |     1 |     1 ||     2
       Meat ration       |     1 |       ||     1
       Bread ration      |     1 |       ||     1
       Royal jelly       |       |     1 ||     1
